 Dungeon Crawl Stone Soup version 0.30.1-11-g7821555f0a (webtiles) character file.

Game seed: 5116557020305473332

120 Nonny the Sneak (level 4, -1/23 HPs)
             Began as a Spriggan Cinder Acolyte on Nov 11, 2023.
             Was a High Priest of Ignis.
             Slain by an orc
             ... wielding a +0 club
              (3 damage)
             ... on level 3 of the Dungeon.
             The game lasted 00:05:47 (2403 turns).

Nonny the Sneak (Spriggan Cinder Acolyte)           Turns: 2403, Time: 00:05:48

Health: -1/23      AC:  2    Str:  9 (10) XL:     4   Next: 75%
Magic:  7/7        EV: 15    Int: 13 (15) God:    Ignis [*****.]
Gold:   91         SH:  0    Dex: 10 (12) Spells: 5/5 levels left

rFire   + . .        a - -1 short sword (flame)
rCold   . . .        (no shield)
rNeg    . . .        b - +0 robe
rPois   .            (helmet restricted)
rElec   .            (no cloak)
rCorr   .            (gloves unavailable)
SInv    +            (boots unavailable)
Will    .....        (no amulet)
Stlth   +++          (no ring)
HPRegen 0.23/turn    (no ring)
MPRegen 0.10/turn

%: no passive effects
@: about to teleport, very quick
A: very small, no large weapons, unfitting armour, see invisible, speed 3,
talons 1, noise suppression
a: Renounce Religion, Fiery Armour, Foxfire Swarm, Rising Flame


You were on level 3 of the Dungeon.
You worshipped Ignis.
Ignis was extremely pleased with you.
You visited 1 branch of the dungeon, and saw 3 of its levels.

You collected 91 gold pieces.

Inventory:

Hand Weapons
 a - a -1 short sword of flaming (weapon)
 i - a +0 dagger of flaming
Missiles
 e - 3 atropa-tipped darts (quivered)
Armour
 b - a +0 robe (worn)
 f - an orb of energy
Magical Staves
 m - a staff of conjuration
Scrolls
 c - a scroll of teleportation
 d - 5 scrolls of identify
 g - 2 scrolls of noise


   Skills:
 - Level 2.4 Fighting
 + Level 3.6 Short Blades
 + Level 6.8 Stealth
 - Level 1.3 Spellcasting
 - Level 2.4 Fire Magic


You had 5 spell levels left.
You didn't know any spells.
Your spell library contained the following spells:

 Spells                   Type           Power      Damage    Failure   Level
 Scorch                   Fire           14%        2d5       16%         2


Dungeon Overview and Level Annotations

Branches:
Dungeon (3/15)

Altars:


Innate Abilities, Weirdness & Mutations

You are very small and have problems with some larger weapons.
You are too small for most types of armour.
You have supernaturally acute eyesight. (SInv)
You cover ground extremely quickly. (Speed+++)
You have sharp toenails.
You passively dampen the noise of your surroundings.


Message History

You hit the orc but do no damage. Your kick misses the orc.
You barely miss the orc.
The orc is moderately wounded.
The orc completely misses you. The orc hits you with a +0 hand axe.
You completely miss the jackal. Your kick misses the jackal.
The jackal bites you but does no damage.
The orc hits you with a +0 club. The orc hits you with a +0 hand axe.
You hit the jackal but do no damage. The jackal misses you.
The jackal bites you.
* * * LOW HITPOINT WARNING * * *
The jackal barely misses you.
You barely miss the jackal. You claw the jackal.
The jackal is heavily wounded.
The jackal closely misses you. The jackal bites you.
* * * LOW HITPOINT WARNING * * *
Unknown command.
You aren't carrying any potions.
Unknown command.
As you read the scroll of teleportation, it crumbles to dust.
You feel strangely unstable. The orc closely misses you. The jackal bites you.
* * * LOW HITPOINT WARNING * * *
Unknown command.
You closely miss the orc. You claw the orc.
The orc is lightly wounded.
The orc barely misses you. The jackal bites you.
* * * LOW HITPOINT WARNING * * *
Unknown command.
You hit the orc. You burn the orc. You claw the orc.
You kill the orc!
The jackal bites you.
* * * LOW HITPOINT WARNING * * *
Unknown command.
You hit the orc but do no damage. Your kick misses the orc.
The orc is moderately wounded.
The jackal barely misses you. The orc barely misses you.
Unknown command.
You barely miss the jackal.
The jackal is heavily wounded.
The jackal barely misses you. The orc hits you with a +0 club.
You die...

**,****
**#+#********,
*,,*,****** #.#
*,,,,,,,
*,*,,,,,*,* #.#
*,,,.,,,
******,*,,*
##.###,,..,,,
*,,*,****,*
#....#,...,,,
*,*,,,,,*,*
#.o..#....,**
*,****,*,,*
#.(.......,,,
*..#.######
#....#**,,,**
*,#.....#@# ##?o..#
*****
******,#ho###o...:#
**##o##..#####
#o..o## ######


You could see 3 orcs and a jackal.

Vanquished Creatures
  Robin (D:2)
  4 adders (D:2)
  A worm (D:2)
  A dart slug (D:1)
  An orc (D:3)
  3 endoplasms
  4 giant cockroaches
  15 goblins
  6 hobgoblins
  2 jackals (D:1)
  2 kobolds
  5 quokkas
  8 ball pythons
  5 bats
  A frilled lizard (D:1)
  3 rats
62 creatures vanquished.

Notes
Turn   | Place    | Note
-------+----------+-------------------------------------------
     0 | D:1      | Nonny the Spriggan Cinder Acolyte began the quest for the
                  | Orb.
     0 | D:1      | Reached XP level 1. HP: 11/11 MP: 3/3
   104 | D:1      | Reached skill level 1 in Stealth
   219 | D:1      | Reached skill level 2 in Stealth
   292 | D:1      | Reached XP level 2. HP: 16/16 MP: 5/5
   310 | D:1      | Reached skill level 3 in Stealth
   725 | D:1      | Found a faded altar of an unknown god.
   812 | D:1      | Reached skill level 4 in Stealth
  1099 | D:1      | Reached XP level 3. HP: 18/19 MP: 6/6
  1297 | D:2      | staff of conjuration
  1313 | D:2      | Reached skill level 5 in Stealth
  1738 | D:2      | Reached skill level 6 in Stealth
  1738 | D:2      | Reached XP level 4. HP: 23/23 MP: 7/7
  1777 | D:2      | Identified the +1 helmet of the Cockatrice {rElec Str+2}
  1777 | D:2      | Noticed Robin
  1825 | D:2      | Gained mutation: You have sharp toenails. [potion of
                  | mutation]
  1825 | D:2      | Gained mutation: You passively dampen the noise of your
                  | surroundings. [potion of mutation]
  1840 | D:2      | Killed Robin
  2403 | D:3      | Slain by an orc

Illustrated notes

#.#
#........^...####
#.#
#................
#<###..###.......###
#...............##
#####..#####...##
#..# ##.## #..# #.#
#..# #.### #..#
#@..# #..# #####
#...


Turn 1297 on D:2: staff of conjuration

Levels and vault maps discovered:
D:1:      dpeg_arrival_court, layout_basic, serial_corexii_hall,
          corexii_hall_statues_l, chequers_hall_statues_wall_a,
          hellmonk_ecumenical_altar_inner_sanctum, minmay_misc_feat_hallway,
          st_stairs_5, kennysheep_flooded_box, kennysheep_small_spiral
D:2:      wad_crossroads, layout_loops_ring, uniq_robin
D:3:      minmay_angry_zag, layout_basic, uniq_jessica, uniq_ijyb, uniq_grinder

Skill      XL: |  1  2  3 |
---------------+----------+-----
Stealth        | 2 4 6 |  6.8
Fighting       | |  2.4
Short Blades   | |  3.6
Spellcasting   | |  1.3
Fire Magic     | |  2.4

Action                     |  1- 3 |  4- 6 || total
---------------------------+-------+-------++-------
  Melee: Short sword       |   124 |    72 ||   196
         Punch             |     1 |       ||     1
         Kick              |       |     9 ||     9
    Use: Scroll            |       |     9 ||     9
         Potion            |       |     7 ||     7
   Stab: Sleeping          |    13 |     5 ||    18
 Armour: Robe              |     8 |     9 ||    17
  Dodge: Dodged            |    81 |    51 ||   132
